 Dungeon Crawl Stone Soup version 0.21-a0-625-g1119ec1 (webtiles) character file.

376020 tidbits the Warrior (level 21, -8/178 HPs)
             Began as a Gnoll Summoner on Dec 24, 2017.
             Was the Champion of Cheibriados.
             Killed from afar by an iron dragon (53 damage)
             ... with a spray of metal splinters
             ... on level 5 of the Vaults.
             The game lasted 04:53:33 (14795 turns).

tidbits the Warrior (Gnoll Summoner)               Turns: 14795, Time: 04:53:34

Health: -8/178     AC: 18    Str: 31    XL:     21   Next: 97%
Magic:  4/39       EV: 34    Int: 43    God:    Cheibriados [******]
Gold:   1365       SH: 22    Dex: 45    Spells: 3/49 levels left

rFire    + . .     SeeInvis .   a - +9 war axe (elec)
rCold    . . .     Gourm    .   D - +4 shield "Diulaih" {Str+4 Slay+6}
rNeg     + . .     Faith    .   B - +2 ring mail of Xuclowu {*Drain rElec rCorr Dex+8}
rPois    +         Spirit   .   L - +0 hat of Submission {*Slow rF+ Regen+ rCorr}
rElec    +         Reflect  .   C - +0 cloak {rPois}
rCorr    +         Harm     .   G - +1 pair of gloves
MR       ++...                  F - +0 pair of boots
Stlth    +++++++...             R - amulet of regeneration
HPRegen  2.19/turn              j - ring of Oggad {rPois rN+}
MPRegen  0.26/turn              t - ring of Megalomania {rElec MR+ Dex+4 Slay+3}

@: marked, singing, very slightly contaminated, regenerating, studying Fighting,
very slow
A: distributed training, fangs 1, repulsion field 1, iridescent scales 1, thin
skeletal structure 1, clever 1, wild magic 1, strong nose
}: 4/15 runes: serpentine, barnacled, slimy, silver
a: Bend Time, Temporal Distortion, Slouch, Step From Time, Renounce Religion


You were on level 5 of the Vaults.
You worshipped Cheibriados.
Cheibriados was exalted by your worship.
You were not hungry.

You visited 8 branches of the dungeon, and saw 42 of its levels.
You also visited: Bailey, Ice Cave and Volcano.

You collected 3262 gold pieces.
You spent 1897 gold pieces at shops.

Inventory:

Hand Weapons
 a - a +9 war axe of electrocution (weapon)
   (You took it off an orc warlord on level 2 of the Orcish Mines)
 d - a +5 eudemon blade of holy wrath
   (You took it off Mennas on level 4 of the Vaults)
 X - the +8 broad axe of the Blessed Realm {chop, Int+4}
   (You found it on level 5 of the Pits of Slime)

   It inflicts extra damage upon your enemies.
   It affects your intelligence (+4).
Missiles
 l - 14 javelins of penetration (quivered)
 n - 6 throwing nets {!f}
Armour
 i - a +2 robe of cold resistance
   (You found it on level 5 of the Vaults)
 B - the +2 ring mail of Xuclowu (worn) {*Drain rElec rCorr Dex+8}
   (You bought it in a shop on level 2 of the Orcish Mines)

   It affects your dexterity (+8).
   It insulates you from electricity.
   It protects you from acid and corrosion.
   It causes draining when unequipped.
 C - a +0 cloak of poison resistance (worn)
   (You took it off Nikola on level 1 of the Shoals)
 D - the +4 shield "Diulaih" (worn) {Str+4 Slay+6}
   (You took it off Donald on level 2 of the Shoals)

   It affects your strength (+4).
   It affects your accuracy and damage with ranged weapons and melee attacks
   (+6).
 F - a +0 pair of boots (worn)
 G - a +1 pair of gloves (worn)
 L - the +0 hat of Submission (worn) {*Slow rF+ Regen+ rCorr}
   (You bought it in a shop on level 2 of the Orcish Mines)

   It protects you from fire.
   It increases your rate of regeneration.
   It protects you from acid and corrosion.
   It may slow you when you take damage.
Magical Staves
 e - an uncursed staff of energy {!a}
   (You found it on level 11 of the Dungeon)
Jewellery
 g - an uncursed ring of flight
   (You found it on level 5 of the Vaults)
 j - the ring of Oggad (left hand) {rPois rN+}
   (You found it on level 5 of the Vaults)

   [ring of positive energy]

   It protects you from poison.
   It protects you from negative energy.
 t - the ring of Megalomania (right hand) {rElec MR+ Dex+4 Slay+3}
   (You found it on level 4 of the Shoals)

   [ring of dexterity]

   It affects your dexterity (+4).
   It affects your accuracy and damage with ranged weapons and melee attacks
   (+3).
   It insulates you from electricity.
   It affects your resistance to hostile enchantments.
 H - an uncursed ring of protection from magic
   (You found it on level 6 of the Lair of Beasts)
 I - an uncursed ring of see invisible
   (You found it in an ice cave)
 R - an amulet of regeneration (around neck)
   (You bought it in a shop on level 3 of the Shoals)
 W - an uncursed ring of wizardry
   (You found it on level 5 of the Pits of Slime)
Wands
 b - a wand of enslavement (8)
 c - a wand of scattershot (3)
 y - a wand of paralysis (39)
 M - a wand of disintegration (47)
Scrolls
 f - 5 scrolls of blinking
 h - a scroll of immolation {unknown}
 m - a scroll of brand weapon
 r - 9 scrolls of remove curse
 v - 5 scrolls of fog
 z - 9 scrolls of teleportation
 J - 2 scrolls of amnesia
 O - 2 scrolls of silence
 S - 3 scrolls of fear
Potions
 k - 2 potions of flight
 p - 18 potions of curing
 s - 4 potions of might
 u - 2 potions of magic
 x - a potion of ambrosia
 E - 6 potions of invisibility
 N - 7 potions of brilliance
 Q - 4 potions of cancellation
 U - a potion of resistance
 V - 6 potions of heal wounds
 Z - 2 potions of mutation {!q}
Books
 Y - a manual of Fighting
   (You found it in a bailey)
Miscellaneous
 o - a lamp of fire
 w - a phantom mirror
 P - a phial of floods
Comestibles
 q - 57 rations


   Skills:
 + Level 18.3 Fighting
 + Level 14.1 Short Blades
 + Level 14.1 Long Blades
 + Level 14.1 Axes
 + Level 14.1 Maces & Flails
 + Level 14.1 Polearms
 + Level 14.1 Staves
 + Level 14.1 Slings
 + Level 14.1 Bows
 + Level 14.1 Crossbows
 + Level 14.1 Throwing
 + Level 14.1 Armour
 + Level 14.6 Dodging
 + Level 14.6 Stealth
 + Level 14.1 Shields
 + Level 14.1 Unarmed Combat
 + Level 14.8 Spellcasting
 + Level 12.1 Conjurations
 + Level 12.1 Hexes
 + Level 12.1 Charms
 + Level 13.7 Summonings
 + Level 12.1 Necromancy
 + Level 12.1 Translocations
 + Level 12.1 Transmutations
 + Level 12.1 Fire Magic
 + Level 12.1 Ice Magic
 + Level 12.1 Air Magic
 + Level 12.1 Earth Magic
 + Level 12.1 Poison Magic
 + Level 15.2 Invocations
 + Level 14.1 Evocations


You had 3 spell levels left.
You knew the following spells:

 Your Spells              Type           Power        Failure   Level  Hunger
b - Blink                 Tloc           N/A          1%          2    None
g - Passage of Golubria   Tloc           N/A          1%          4    None
l - Lesser Beckoning      Tloc           ########..   1%          3    None
p - Passwall              Tmut/Erth      ########..   1%          2    None
r - Regeneration          Chrm/Necr      ########..   1%          3    None
v - Borgnjor's Vile Clut  Necr/Erth      ########..   1%          5    None
w - Spectral Weapon       Hex/Chrm       ########     1%          3    None
y - Song of Slaying       Chrm           ########     1%          2    None
A - Apportation           Tloc           ######       1%          1    None
G - Ignition              Fire           ########..   56%         8    #####..
L - Summon Lightning Spi  Summ/Air       ########     1%          4    None
N - Animate Dead          Necr           N/A          1%          4    None
R - Irradiate             Conj/Tmut      ########..   1%          5    None


Dungeon Overview and Level Annotations

Branches:
Dungeon (15/15)            Temple (1/1) D:7            Lair (6/6) D:9
 Shoals (4/4) Lair:3        Snake (4/4) Lair:3        Slime (5/5) Lair:5
    Orc (2/2) D:11            Elf (0/3) Orc:2        Vaults (5/5) D:14
  Crypt (0/3) Vaults:2     Depths (0/5) D:15

Altars:
Ashenzari
Cheibriados
Elyvilon
Fedhas
Gozag
Kikubaaqudgha
Makhleb
Nemelex Xobeh
Okawaru
Qazlal
Ru
Trog
Uskayaw
Vehumet
Xom
Yredelemnul
The Shining One
Beogh
Jiyva

Shops:
Orc:1 !   Orc:2 ([*=   Shoals:3 =[=   Vaults:2 *


Innate Abilities, Weirdness & Mutations

Your experience applies equally to all skills.
You have very sharp teeth.
Your uncanny sense of smell can sniff out nearby items.
You are surrounded by a mild repulsion field. (EV +2)
You are partially covered in iridescent scales. (AC +2)
You have a somewhat thin skeletal structure. (Dex +2, Stealth)
Your mind is acute. (Int +2)
Your spells are a little harder to cast, but a little more powerful.


Message History

You hold your ground!
A shadow dragon and a battlesphere come into view.
Unknown command.
Unknown command.
Okay, then.
Unknown command.
You slice the storm dragon!!
You kill the storm dragon!
Cheibriados thoroughly appreciates the change of pace.
You slash the iron dragon!
You catch the helpless stone giant completely off-guard!
You slash the stone giant!
You kill the stone giant!
Cheibriados thoroughly appreciates the change of pace.
You slice the vault warden simulacrum!!
Lightning courses through the vault warden simulacrum!
The vault warden simulacrum vapourises!
Cheibriados appreciates the change of pace.
The tengu reaver casts a spell.
The tengu reaver conjures a globe of magical energy!
A war gargoyle, a freezing wraith and a battlesphere come into view.
You carve the frost giant simulacrum like a ham!!!
Lightning courses through the frost giant simulacrum!
The frost giant simulacrum vapourises!
Cheibriados thoroughly appreciates the change of pace.
You hit the iron dragon but do no damage.
Your lightning spire disappears in a puff of smoke!
You block the iron dragon's attack. The iron dragon misses you.
You block the iron dragon's attack.
The freezing wraith moves out of view.
You slice the tengu reaver!! Your bite misses the tengu reaver.
The tengu reaver is almost dead.
You hit the iron dragon. You block the tengu reaver's attack.
The tengu reaver completely misses you. x2
You slice the tengu reaver!!
Lightning courses through the tengu reaver!
You kill the tengu reaver!
Cheibriados appreciates the change of pace.
You hit the iron dragon but do no damage.
The battlesphere dissipates.
You block the iron dragon's attack. The iron dragon claws you.
* * * LOW HITPOINT WARNING * * *
The iron dragon completely misses you.
You slice the tengu reaver!!
The tengu reaver is severely wounded.
You slash the iron dragon! You block the tengu reaver's attack.
The tengu reaver pecks you.
* * * LOW HITPOINT WARNING * * *
The tengu reaver claws you but does no damage.
You block the iron dragon's attack.
The iron dragon claws you but does no damage.
The iron dragon misses you.
You closely miss the tengu reaver.
The tengu reaver is severely wounded.
You catch the helpless battlesphere completely off-guard!
You slice the battlesphere!! You hit the iron dragon.
You slice the tengu reaver!!
You kill the tengu reaver!
Cheibriados appreciates the change of pace.
You slice the war gargoyle!! You barely miss the iron dragon.
The battlesphere dissipates.
The iron dragon bites you!
* * * LOW HITPOINT WARNING * * *
The iron dragon barely misses you. The iron dragon completely misses you.
The war gargoyle misses you.
You barely miss the iron dragon.
The iron dragon is severely wounded.
You hit the war gargoyle but do no damage.
You block the war gargoyle's attack. The iron dragon bites you!
* * * LOW HITPOINT WARNING * * *
You block the iron dragon's attack. x2
You can feel time thicken for a moment.
You destroy the war gargoyle!
Cheibriados thoroughly appreciates the change of pace.
You feel somewhat more hungry.
The shadow dragon breathes negative energy at you.
The bolt of negative energy misses you.
The iron dragon breathes metal splinters at you.
The spray of metal splinters hits you!
* * * LOW HITPOINT WARNING * * *
Unknown command.
You feel much better. The shadow dragon misses you.
You block the shadow dragon's attack. x2
A golden dragon comes into view.
Unknown command.
Okay, then.
Unknown command.
Unknown command.
Okay, then.
Unknown command.
Press: ? - help, v - describe, . - travel, g - get item
Here: an iron dragon (severely wounded, catching its breath)
A large rock.
The floor, spattered with blood.
Casting: Regeneration
Confirm with . or Enter, or press ? or * to list all spells.
Aiming: Summon Lightning Spire
Press: ? - help, Dir - move target cursor An electric hum fills the air.
The iron dragon breathes metal splinters at you.
The spray of metal splinters hits you!
You die...

#....... ∆ #.......
##.......
#.......###
#.......#.
#....).)[ #....()#
#....(@##
#...8WDD##
##....)).##### #.
##............ #..
##............ .
#.. ##..)........D.
..
#..##..............
..
#..#...#####.......
.. #.....## ####...
..


You could see a shadow dragon, an iron dragon, a golden dragon, a freezing
wraith and a friendly lightning spire.

Vanquished Creatures
  Mennas (Vaults:4)
  2 ancient liches (Vaults:5)
  A golden dragon (Vaults:5)
  Jory (Vaults:3)
  Nikola (Shoals:1)
  Rupert (D:15)
  A titan (Vaults:5)
  A quicksilver dragon (Vaults:5)
  22 acid blobs
  2 krakens
  Gastronok (Lair:2)
  2 sphinxes (Vaults:5)
  4 storm dragons (Vaults:5)
  A shadow dragon (Vaults:5)
  4 tengu reavers
  6 nagarajas (Snake:4)
  2 fire giants (Vaults:5)
  Ilsuiw (Shoals:4)
  6 azure jellies
  5 frost giants
  An iron dragon (Vaults:5)
  A deep elf sorcerer (Vaults:5)
  6 vault wardens
  An orc warlord (Orc:2)
  A ghoul (Vaults:3)
  A very ugly thing (Vaults:5)
  2 war gargoyles (Vaults:5)
  9 ironheart preservers
  8 stone giants
  2 deep elf annihilators
  4 ettins (Vaults:5)
  4 merfolk javelineers (Shoals:4)
  2 deep elf high priests (Vaults:5)
  2 deep elf death magi
  A fire dragon (Volcano)
  2 death oozes (Slime:5)
  10 merfolk impalers
  3 great orbs of eyes
  4 yaktaur captains
  24 vault guards
  2 hydras
  2 ice dragons
  15 naga warriors
  The ghost of mhoghedin the Slinger, a journeyman HaHu of Makhleb (Lair:1)
  4 merfolk avatars
  2 death knights
  An alligator (Shoals:2)
  2 alligator snapping turtles (Shoals:4)
  4 centaur warriors
  4 satyrs
  10 anacondas
  10 ogre magi
  33 two-headed ogres
  3 merfolk aquamancers (Shoals:4)
  A hell hog (Volcano)
  5 shock serpents
  2 death yaks (Lair:6)
  An orc high priest (Orc:2)
  The ghost of p0werm0de the Blocker, a novice OpCK of Xom (D:9)
  A deep troll shaman (Vaults:2)
  A deep troll earth mage (Vaults:2)
  A deep elf knight (Vaults:5)
  6 naga sharpshooters
  Urug (D:14)
  2 skeletal warriors (Vaults:3)
  A storm dragon skeleton (Vaults:5)
  6 sea snakes
  3 unseen horrors
  4 salamander mystics (Snake:4)
  A glowing orange brain (Vaults:2)
  2 flayed ghosts (Vaults:3)
  A wizard (Vaults:3)
  5 deep trolls
  5 naga ritualists
  3 lindwurms (Snake:4)
  4 phantasmal warriors
  A deep elf archer (Vaults:2)
  9 ironbrand convokers
  7 orc knights
  5 harpies
  2 necromancers
  17 mana vipers
  A wolf spider (Vaults:2)
  8 ugly things
  4 salamanders
  3 orc sorcerers
  A frost giant zombie (Vaults:3)
  11 manticores
  9 fauns
  4 oklob plants (Lair:3)
  8 deep elf magi
  3 shining eyes
  6 cyclopes
  An elephant (Lair:2)
  16 black mambas
  2 ice statues (IceCv)
  9 guardian serpents
  5 merfolk sirens
  4 vault sentinels (Vaults:5)
  4 water nymphs
  2 eyes of devastation
  16 naga magi
  Psyche (D:11)
  2 molten gargoyles (Volcano)
  A gargoyle (D:13)
  A guardian serpent (shapeshifter) (Vaults:5)
  5 spiny frogs
  2 centaur skeletons
  A rime drake (shapeshifter) (D:14)
  An orange demon (D:15)
  6 freezing wraiths
  24 yaktaurs
  3 ice devils (IceCv)
  2 komodo dragons
  A tengu conjurer (D:15)
  15 merfolk
  2 wind drakes
  4 trolls
  2 hornets
  An ettin zombie (Vaults:3)
  15 slime creatures
  3 meliai (D:15)
  A frost giant simulacrum (Vaults:5)
  7 dream sheep
  4 hippogriffs
  9 snapping turtles
  24 yaks
  9 water elementals
  7 humans
  2 wraiths
  2 wyverns (shapeshifter) (Vaults:5)
  6 golden eyes
  A wyvern (D:14)
  A human (shapeshifter) (Vaults:3)
  2 basilisks
  3 fire elementals (Orc:2)
  3 human simulacra
  4 fire bats
  3 steam dragons
  A vampire mosquito (D:14)
  37 nagas
  3 wargs
  Duvessa (D:7)
  3 acid dragons
  4 water moccasins
  4 hell hounds
  A hornet zombie (D:15)
  5 porcupines
  3 ice beasts
  19 orc warriors
  4 eyes of draining
  2 necrophages
  A black bear (shapeshifter) (Vaults:4)
  3 black bears
  28 ogres
  5 boggarts
  3 wolves (Lair:4)
  7 centaurs
  5 crocodiles
  11 bullfrogs
  2 gnoll sergeants
  2 scorpions
  4 wights
  2 killer bees (D:9)
  A crimson imp (D:10)
  2 lava snakes (Volcano)
  2 centaur zombies
  3 hounds
  10 orc priests
  10 orc wizards
  3 bullfrog skeletons
  6 iron imps (D:15)
  4 iguanas
  5 worker ants
  4 hell rats (Lair:4)
  A killer bee zombie (D:5)
  2 hound skeletons
  3 worker ant zombies
  4 gnolls
  5 adders
  3 shadow imps
  15 white imps
  6 ufetubi (IceCv)
  An adder zombie (D:7)
  A leopard gecko (D:7)
  43 orcs
  5 giant cockroaches
  7 hobgoblins
  3 jackals
  3 quokkas
  3 bats
  A frilled lizard (D:1)
  14 goblins
  3 kobolds
  6 rats
  A fungus (Lair:6)
  6 plants
  3 tentacles
990 creatures vanquished.

Vanquished Creatures (collateral kills)
  the Royal Jelly (Slime:5)
  4 acid blobs
  A shadow dragon (Vaults:5)
  A nagaraja (Snake:3)
  Donald (Shoals:2)
  2 vault wardens
  Aizul (Snake:2)
  A reaper (IceCv)
  A stone giant (Vaults:3)
  Azrael (Orc:2)
  A merfolk javelineer (Shoals:4)
  A death ooze (Slime:5)
  A fire dragon (Vaults:3)
  2 deep elf death magi (Vaults:5)
  A yaktaur captain (Vaults:5)
  An ice dragon (Vaults:3)
  A rakshasa (D:14)
  3 great orbs of eyes
  Fannar (Lair:2)
  Harold (D:11)
  A hell beast (D:15)
  4 naga warriors
  An alligator snapping turtle (Shoals:2)
  2 hydras (Lair:6)
  4 centaur warriors
  A death yak (Lair:6)
  An anaconda (Snake:3)
  11 two-headed ogres
  A merfolk aquamancer (Shoals:3)
  2 ogre magi
  A tengu warrior (D:14)
  2 death knights (Vaults:3)
  3 orc high priests (Orc:2)
  5 naga sharpshooters
  2 sea snakes (Shoals:4)
  3 salamander mystics (Snake:4)
  A lindwurm (Snake:4)
  A wizard (D:15)
  A deep elf archer (Vaults:3)
  An ironbrand convoker (Vaults:5)
  Pikel (D:4)
  A deep elf mage (Vaults:5)
  A mana viper (Snake:2)
  2 cyclopes
  An orc sorcerer (Orc:2)
  2 shining eyes
  6 fauns
  3 ugly things
  A salamander (Snake:2)
  2 elephants (Lair:2)
  4 manticores
  8 naga magi
  6 black mambas
  3 merfolk sirens
  A torpor snail (Lair:2)
  A centaur zombie (D:12)
  4 spiny frogs
  A gargoyle (D:12)
  An eye of devastation (Slime:5)
  A rime drake (shapeshifter) (Vaults:5)
  4 yaktaurs
  A centaur skeleton (D:14)
  A rime drake (Lair:6)
  2 komodo dragons (Lair:3)
  A freezing wraith (Vaults:3)
  4 ice devils (IceCv)
  2 trolls
  A wind drake (Shoals:3)
  A polar bear (shapeshifter) (Vaults:4)
  Grinder (D:5)
  3 merfolk
  4 slime creatures
  3 snapping turtles
  A fire giant simulacrum (Vaults:2)
  A hippogriff (D:9)
  A centaur simulacrum (D:15)
  22 yaks
  4 fire bats
  A water elemental (Shoals:1)
  A wyvern (D:6)
  Eustachio (D:5)
  3 hogs (D:7)
  4 basilisks
  10 humans (D:14)
  A vampire mosquito (D:14)
  A warg (D:11)
  Menkaure (D:6)
  2 hungry ghosts
  11 nagas
  2 water moccasins
  A black bear (D:9)
  29 orc warriors
  A slave (D:4)
  An ice beast (D:6)
  A porcupine (Lair:4)
  An eye of draining (Slime:2)
  9 ogres
  A wolf (Lair:4)
  2 boggarts
  9 centaurs
  2 crocodiles
  A big kobold (D:8)
  2 bullfrogs
  A wyvern zombie (D:6)
  A human zombie (Vaults:3)
  A glowing shapeshifter simulacrum (Vaults:5)
  Dowan (D:7)
  2 jellies
  A scorpion (D:8)
  2 killer bees (D:9)
  8 wights
  An electric eel (Lair:6)
  2 howler monkeys (D:11)
  A crimson imp (D:14)
  3 lava snakes
  2 hounds
  10 orc priests
  14 orc wizards
  2 bullfrog skeletons (D:12)
  2 iguanas
  A hell rat (Lair:4)
  7 worker ants
  A killer bee zombie (D:7)
  The ghost of p0werm0de the Sneak, a weakling OpEn (D:3)
  Robin (D:2)
  6 gnolls
  5 adders
  2 shadow imps
  5 white imps
  An ufetubus (IceCv)
  An ooze (D:3)
  An adder zombie (D:9)
  2 worms (D:2)
  A dart slug (D:1)
  3 leopard geckos
  63 orcs
  2 giant cockroaches (D:1)
  8 goblins
  3 hobgoblins
  4 jackals
  4 kobolds
  6 bats
  3 frilled lizards
  A leopard gecko skeleton (D:3)
  2 rats
  4 fungi
  2 plants (Shoals:1)
474 creatures vanquished.

Vanquished Creatures (others)
  Boris (Vaults:5)
  A stone giant (Vaults:3)
  A shadow dragon simulacrum (Vaults:5)
  4 white imps (IceCv)
  3 ufetubi (IceCv)
  5 jackals (D:4)
  25 fungi
  2 plants
  A spectral weapon (Slime:3)
  8 tentacles
51 creatures vanquished.

Grand Total: 1515 creatures vanquished

Notes
Turn   | Place    | Note
-------+----------+-------------------------------------------
     0 | D:1      | tidbits the Gnoll Summoner began the quest for the Orb.
     0 | D:1      | Reached XP level 1. HP: 13/13 MP: 6/6
   249 | D:1      | Reached XP level 2. HP: 13/19 MP: 3/7
   253 | D:1      | Learned a level 2 spell: Call Imp
   458 | D:2      | Noticed Robin
   510 | D:2      | Killed Robin
   510 | D:2      | Reached XP level 3. HP: 13/25 MP: 3/9
   530 | D:2      | Reached skill level 5 in Spellcasting
   595 | D:2      | Reached skill level 1 in Invocations
   602 | D:2      | Learned a level 3 spell: Call Canine Familiar
   627 | D:3      | Noticed p0werm0de's ghost (weakling OpEn)
   775 | D:2      | Reached skill level 1 in Fighting
   775 | D:2      | Reached skill level 1 in Short Blades
   775 | D:2      | Reached skill level 1 in Long Blades
   775 | D:2      | Reached skill level 1 in Axes
   775 | D:2      | Reached skill level 1 in Maces & Flails
   775 | D:2      | Reached skill level 1 in Polearms
   775 | D:2      | Reached skill level 1 in Staves
   775 | D:2      | Reached skill level 1 in Slings
   775 | D:2      | Reached skill level 1 in Bows
   775 | D:2      | Reached skill level 1 in Crossbows
   775 | D:2      | Reached skill level 1 in Throwing
   775 | D:2      | Reached skill level 1 in Armour
   775 | D:2      | Reached skill level 1 in Shields
   775 | D:2      | Reached skill level 1 in Unarmed Combat
   775 | D:2      | Reached skill level 1 in Evocations
   810 | D:2      | Reached XP level 4. HP: 8/32 MP: 8/11
   816 | D:2      | Learned a level 4 spell: Summon Lightning Spire
  1139 | D:3      | Reached skill level 1 in Conjurations
  1139 | D:3      | Reached skill level 1 in Hexes
  1139 | D:3      | Reached skill level 1 in Charms
  1139 | D:3      | Reached skill level 1 in Necromancy
  1139 | D:3      | Reached skill level 1 in Translocations
  1139 | D:3      | Reached skill level 1 in Transmutations
  1139 | D:3      | Reached skill level 1 in Fire Magic
  1139 | D:3      | Reached skill level 1 in Ice Magic
  1139 | D:3      | Reached skill level 1 in Air Magic
  1139 | D:3      | Reached skill level 1 in Earth Magic
  1139 | D:3      | Reached skill level 1 in Poison Magic
  1293 | D:3      | Killed p0werm0de's ghost
  1293 | D:3      | Reached XP level 5. HP: 28/37 MP: 2/12
  1325 | D:3      | Found a shimmering altar of Xom.
  1430 | D:5      | Entered Level 5 of the Dungeon
  1430 | D:5      | Noticed Grinder
  1440 | D:5      | Paralysed by Grinder for 3 turns
  1444 | D:5      | Killed Grinder
  1444 | D:5      | Reached skill level 2 in Invocations
  1444 | D:5      | Reached XP level 6. HP: 44/44 MP: 9/13
  1469 | D:5      | Found an opulent altar of Gozag.
  1474 | D:5      | Noticed Eustachio
  1545 | D:5      | Found a white marble altar of Elyvilon.
  1547 | D:5      | Found a sparkling altar of Nemelex Xobeh.
  1557 | D:5      | Killed Eustachio
  1557 | D:5      | Reached skill level 2 in Fighting
  1557 | D:5      | Reached skill level 2 in Short Blades
  1557 | D:5      | Reached skill level 2 in Long Blades
  1557 | D:5      | Reached skill level 2 in Axes
  1557 | D:5      | Reached skill level 2 in Maces & Flails
  1557 | D:5      | Reached skill level 2 in Polearms
  1557 | D:5      | Reached skill level 2 in Staves
  1557 | D:5      | Reached skill level 2 in Slings
  1557 | D:5      | Reached skill level 2 in Bows
  1557 | D:5      | Reached skill level 2 in Crossbows
  1557 | D:5      | Reached skill level 2 in Throwing
  1557 | D:5      | Reached skill level 2 in Armour
  1557 | D:5      | Reached skill level 5 in Dodging
  1557 | D:5      | Reached skill level 2 in Shields
  1557 | D:5      | Reached skill level 2 in Unarmed Combat
  1557 | D:5      | Reached skill level 2 in Evocations
  1623 | D:5      | Found a blossoming altar of Fedhas.
  1661 | D:6      | Noticed an orc warrior
  1676 | D:6      | Reached XP level 7. HP: 44/50 MP: 9/15
  1775 | D:5      | Gained mutation: Your mind is acute. (Int +2) [potion of mutation]
  1775 | D:5      | Gained mutation: Scrolls take you a little longer to read. [potion of mutation]
  1775 | D:5      | Gained mutation: Your system is resistant to poisons. (rPois) [potion of mutation]
  1851 | D:4      | Lost mutation: Scrolls take you a little longer to read. [potion of mutation]
  1851 | D:4      | Lost mutation: Your system is resistant to poisons. (rPois) [potion of mutation]
  1851 | D:4      | Gained mutation: You are partially covered in iridescent scales. (AC +2) [potion of mutation]
  1851 | D:4      | Gained mutation: Your spells are a little harder to cast, but a little more powerful. [potion of mutation]
  1851 | D:4      | Gained mutation: You have a somewhat thin skeletal structure. (Dex +2, Stealth) [potion of mutation]
  1851 | D:4      | Gained mutation: You are surrounded by a mild repulsion field. (EV +2) [potion of mutation]
  1878 | D:4      | Reached skill level 2 in Conjurations
  1878 | D:4      | Reached skill level 2 in Hexes
  1878 | D:4      | Reached skill level 2 in Charms
  1878 | D:4      | Reached skill level 2 in Necromancy
  1878 | D:4      | Reached skill level 2 in Translocations
  1878 | D:4      | Reached skill level 2 in Transmutations
  1878 | D:4      | Reached skill level 2 in Fire Magic
  1878 | D:4      | Reached skill level 2 in Ice Magic
  1878 | D:4      | Reached skill level 2 in Air Magic
  1878 | D:4      | Reached skill level 2 in Earth Magic
  1878 | D:4      | Reached skill level 2 in Poison Magic
  1954 | D:4      | Noticed Pikel
  1961 | D:4      | Killed Pikel
  1961 | D:4      | Reached skill level 5 in Stealth
  1961 | D:4      | Reached skill level 3 in Invocations
  1961 | D:4      | Reached XP level 8. HP: 51/57 MP: 11/16
  2287 | D:4      | Reached skill level 3 in Fighting
  2287 | D:4      | Reached skill level 3 in Short Blades
  2287 | D:4      | Reached skill level 3 in Long Blades
  2287 | D:4      | Reached skill level 3 in Axes
  2287 | D:4      | Reached skill level 3 in Maces & Flails
  2287 | D:4      | Reached skill level 3 in Polearms
  2287 | D:4      | Reached skill level 3 in Staves
  2287 | D:4      | Reached skill level 3 in Slings
  2287 | D:4      | Reached skill level 3 in Bows
  2287 | D:4      | Reached skill level 3 in Crossbows
  2287 | D:4      | Reached skill level 3 in Throwing
  2287 | D:4      | Reached skill level 3 in Armour
  2287 | D:4      | Reached skill level 3 in Shields
  2287 | D:4      | Reached skill level 3 in Unarmed Combat
  2287 | D:4      | Reached skill level 3 in Evocations
  2510 | D:6      | Found a hide-covered altar of Uskayaw.
  2515 | D:6      | Reached skill level 6 in Spellcasting
  2550 | D:6      | Noticed a wyvern
  2557 | D:6      | Killed a wyvern
  2629 | D:6      | Noticed Menkaure
  2642 | D:6      | Killed Menkaure
  2664 | D:7      | Found a staircase to the Ecumenical Temple.
  2670 | Temple   | Entered the Ecumenical Temple
  2796 | Temple   | Became a worshipper of Cheibriados the Contemplative
  2856 | D:7      | Reached skill level 3 in Conjurations
  2856 | D:7      | Reached skill level 3 in Hexes
  2856 | D:7      | Reached skill level 3 in Charms
  2856 | D:7      | Reached skill level 3 in Necromancy
  2856 | D:7      | Reached skill level 3 in Translocations
  2856 | D:7      | Reached skill level 3 in Transmutations
  2856 | D:7      | Reached skill level 3 in Fire Magic
  2856 | D:7      | Reached skill level 3 in Ice Magic
  2856 | D:7      | Reached skill level 3 in Air Magic
  2856 | D:7      | Reached skill level 3 in Earth Magic
  2856 | D:7      | Reached skill level 3 in Poison Magic
  2856 | D:7      | Reached skill level 4 in Invocations
  2862 | D:7      | Noticed a yak
  2868 | D:7      | Reached skill level 6 in Dodging
  2868 | D:7      | Reached XP level 9. HP: 64/65 MP: 13/18
  2874 | D:7      | Reached skill level 4 in Fighting
  2874 | D:7      | Reached skill level 4 in Short Blades
  2874 | D:7      | Reached skill level 4 in Long Blades
  2874 | D:7      | Reached skill level 4 in Axes
  2874 | D:7      | Reached skill level 4 in Maces & Flails
  2874 | D:7      | Reached skill level 4 in Polearms
  2874 | D:7      | Reached skill level 4 in Staves
  2874 | D:7      | Reached skill level 4 in Slings
  2874 | D:7      | Reached skill level 4 in Bows
  2874 | D:7      | Reached skill level 4 in Crossbows
  2874 | D:7      | Reached skill level 4 in Throwing
  2874 | D:7      | Reached skill level 4 in Armour
  2874 | D:7      | Reached skill level 4 in Shields
  2874 | D:7      | Reached skill level 4 in Unarmed Combat
  2874 | D:7      | Reached skill level 4 in Evocations
  2936 | D:8      | Reached * piety under Cheibriados
  3082 | D:8      | Found an iron altar of Okawaru.
  3133 | D:8      | Reached skill level 6 in Stealth
  3133 | D:8      | Reached skill level 8 in Summonings
  3174 | D:8      | Noticed a two-headed ogre
  3182 | D:8      | Killed a two-headed ogre
  3248 | D:8      | You fall through a shaft!
  3251 | D:10     | Entered Level 10 of the Dungeon
  3256 | D:10     | Reached skill level 5 in Invocations
  3270 | D:11     | Noticed Harold
  3275 | D:11     | Killed Harold
  3275 | D:11     | Reached skill level 7 in Spellcasting
  3275 | D:11     | Reached skill level 4 in Conjurations
  3275 | D:11     | Reached skill level 4 in Hexes
  3275 | D:11     | Reached skill level 4 in Charms
  3275 | D:11     | Reached skill level 4 in Necromancy
  3275 | D:11     | Reached skill level 4 in Translocations
  3275 | D:11     | Reached skill level 4 in Transmutations
  3275 | D:11     | Reached skill level 4 in Fire Magic
  3275 | D:11     | Reached skill level 4 in Ice Magic
  3275 | D:11     | Reached skill level 4 in Air Magic
  3275 | D:11     | Reached skill level 4 in Earth Magic
  3275 | D:11     | Reached skill level 4 in Poison Magic
  3275 | D:11     | Reached XP level 10. HP: 73/73 MP: 8/20
  3294 | D:11     | Noticed Psyche
  3297 | D:11     | Noticed a cyclops
  3300 | D:11     | Killed Psyche
  3324 | D:11     | Noticed a seven-headed hydra
  3330 | D:11     | Killed a seven-headed hydra
  3330 | D:11     | Reached skill level 5 in Fighting
  3330 | D:11     | Reached skill level 5 in Short Blades
  3330 | D:11     | Reached skill level 5 in Long Blades
  3330 | D:11     | Reached skill level 5 in Axes
  3330 | D:11     | Reached skill level 5 in Maces & Flails
  3330 | D:11     | Reached skill level 5 in Polearms
  3330 | D:11     | Reached skill level 5 in Staves
  3330 | D:11     | Reached skill level 5 in Slings
  3330 | D:11     | Reached skill level 5 in Bows
  3330 | D:11     | Reached skill level 5 in Crossbows
  3330 | D:11     | Reached skill level 5 in Throwing
  3330 | D:11     | Reached skill level 5 in Armour
  3330 | D:11     | Reached skill level 7 in Dodging
  3330 | D:11     | Reached skill level 5 in Shields
  3330 | D:11     | Reached skill level 5 in Unarmed Combat
  3330 | D:11     | Reached skill level 5 in Evocations
  3369 | D:11     | Got a steaming falchion
  3370 | D:11     | Identified the +9 falchion of Zearreb {pain, rC+ Dex+4} (You found it on level 11 of the Dungeon)
  3414 | D:12     | Reached ** piety under Cheibriados
  3418 | D:12     | Found a flagged portal.
  3431 | D:12     | Got a steaming spear
  3432 | D:12     | Identified the +5 spear of Distraction {freeze, -Tele *Rage +Inv rElec} (You found it on level 12 of the Dungeon)
  3440 | Bailey   | Entered a bailey
  3648 | Bailey   | Reached skill level 6 in Invocations
  3666 | Bailey   | Reached *** piety under Cheibriados
  3676 | Bailey   | Reached skill level 7 in Stealth
  3863 | D:11     | Killed a cyclops
  3904 | D:11     | Reached XP level 11. HP: 32/81 MP: 18/22
  3924 | D:11     | Found a staircase to the Orcish Mines.
  3940 | D:11     | Reached skill level 6 in Fighting
  4001 | D:11     | Learned a level 3 spell: Regeneration
  4035 | Orc:1    | Entered Level 1 of the Orcish Mines
  4035 | Orc:1    | Found a roughly hewn altar of Beogh.
  4038 | Orc:1    | Found Utera's Distillery.
  4052 | Orc:1    | Bought a potion of heal wounds for 60 gold pieces
  4052 | Orc:1    | Bought a potion of curing for 36 gold pieces
  4052 | Orc:1    | Bought a potion of heal wounds for 60 gold pieces
  4052 | Orc:1    | Bought a potion of agility for 48 gold pieces
  4052 | Orc:1    | Bought a potion of agility for 48 gold pieces
  4052 | Orc:1    | Bought a potion of invisibility for 96 gold pieces
  4062 | Orc:1    | Noticed an orc sorcerer
  4070 | Orc:1    | Killed an orc sorcerer
  4074 | Orc:1    | Reached **** piety under Cheibriados
  4114 | Orc:1    | Found a roughly hewn altar of Beogh.
  4223 | Orc:2    | Entered Level 2 of the Orcish Mines
  4223 | Orc:2    | Noticed an orc knight
  4246 | Orc:2    | Killed an orc knight
  4246 | Orc:2    | Reached skill level 6 in Short Blades
  4246 | Orc:2    | Reached skill level 6 in Long Blades
  4246 | Orc:2    | Reached skill level 6 in Axes
  4246 | Orc:2    | Reached skill level 6 in Maces & Flails
  4246 | Orc:2    | Reached skill level 6 in Polearms
  4246 | Orc:2    | Reached skill level 6 in Staves
  4246 | Orc:2    | Reached skill level 6 in Slings
  4246 | Orc:2    | Reached skill level 6 in Bows
  4246 | Orc:2    | Reached skill level 6 in Crossbows
  4246 | Orc:2    | Reached skill level 6 in Throwing
  4246 | Orc:2    | Reached skill level 6 in Armour
  4246 | Orc:2    | Reached skill level 6 in Shields
  4246 | Orc:2    | Reached skill level 6 in Unarmed Combat
  4246 | Orc:2    | Reached skill level 6 in Evocations
  4286 | Orc:2    | Noticed an orc knight
  4296 | Orc:1    | Reached skill level 5 in Conjurations
  4296 | Orc:1    | Reached skill level 5 in Hexes
  4296 | Orc:1    | Reached skill level 5 in Charms
  4296 | Orc:1    | Reached skill level 5 in Necromancy
  4296 | Orc:1    | Reached skill level 5 in Translocations
  4296 | Orc:1    | Reached skill level 5 in Transmutations
  4296 | Orc:1    | Reached skill level 5 in Fire Magic
  4296 | Orc:1    | Reached skill level 5 in Ice Magic
  4296 | Orc:1    | Reached skill level 5 in Air Magic
  4296 | Orc:1    | Reached skill level 5 in Earth Magic
  4296 | Orc:1    | Reached skill level 5 in Poison Magic
  4358 | Orc:1    | Noticed a wolf spider
  4360 | Orc:1    | Noticed a wolf spider
  4433 | Orc:1    | Reached skill level 8 in Spellcasting
  4435 | Orc:1    | Reached ***** piety under Cheibriados
  4449 | Orc:2    | Noticed an orc warlord
  4465 | Orc:2    | Killed an orc knight
  4476 | Orc:2    | Killed an orc warlord
  4476 | Orc:2    | Reached skill level 7 in Fighting
  4476 | Orc:2    | Reached skill level 9 in Summonings
  4476 | Orc:2    | Reached skill level 7 in Invocations
  4509 | Orc:2    | Reached skill level 8 in Dodging
  4547 | Orc:2    | Found a staircase to the Elven Halls.
  4606 | Orc:2    | Noticed Azrael
  4642 | Orc:2    | Killed Azrael
  4663 | Orc:2    | Learned a level 4 spell: Animate Dead
  4772 | Orc:2    | Found a roughly hewn altar of Beogh.
  4792 | Orc:2    | Noticed an orc high priest
  4796 | Orc:2    | Noticed a sixfirhy
  4798 | Orc:2    | Killed an orc high priest
  4829 | Orc:2    | Reached skill level 8 in Stealth
  4855 | Orc:2    | Noticed an orc knight
  4860 | Orc:2    | Noticed an orc sorcerer
  4863 | Orc:2    | Noticed an orc knight
  4863 | Orc:2    | Killed an orc knight
  4863 | Orc:2    | Reached XP level 12. HP: 72/92 MP: 20/24
  4871 | Orc:2    | Noticed an orc high priest
  4877 | Orc:2    | Noticed a soul eater
  4881 | Orc:2    | Reached skill level 8 in Fighting
  4881 | Orc:2    | Killed an orc high priest
  4900 | Orc:2    | Noticed an orc high priest
  4903 | Orc:2    | Reached skill level 7 in Short Blades
  4903 | Orc:2    | Reached skill level 7 in Long Blades
  4903 | Orc:2    | Reached skill level 7 in Axes
  4903 | Orc:2    | Reached skill level 7 in Maces & Flails
  4903 | Orc:2    | Reached skill level 7 in Polearms
  4903 | Orc:2    | Reached skill level 7 in Staves
  4903 | Orc:2    | Reached skill level 7 in Slings
  4903 | Orc:2    | Reached skill level 7 in Bows
  4903 | Orc:2    | Reached skill level 7 in Crossbows
  4903 | Orc:2    | Reached skill level 7 in Throwing
  4903 | Orc:2    | Reached skill level 7 in Armour
  4903 | Orc:2    | Reached skill level 7 in Shields
  4903 | Orc:2    | Reached skill level 7 in Unarmed Combat
  4903 | Orc:2    | Reached skill level 7 in Evocations
  4914 | Orc:2    | Killed an orc high priest
  4933 | Orc:2    | Noticed an orc high priest
  4936 | Orc:2    | Killed an orc high priest
  5026 | Orc:2    | Found Yfyxoxe's Antique Armour Shoppe.
  5026 | Orc:2    | Found Xifekk's Antique Weapon Shoppe.
  5027 | Orc:2    | Found Lostryof's General Store.
  5027 | Orc:2    | Found Ehooll's Jewellery Emporium.
  5043 | Orc:2    | Bought a faintly glowing ring mail for 252 gold pieces
  5043 | Orc:2    | Bought a slimy hat for 252 gold pieces
  5056 | Orc:2    | Identified the +0 hat of Submission {*Slow rF+ Regen+ rCorr} (You bought it in a shop on level 2 of the Orcish Mines)
  5066 | Orc:2    | Identified the +2 ring mail of Xuclowu {*Drain rElec rCorr Dex+8} (You bought it in a shop on level 2 of the Orcish Mines)
  5234 | D:10     | Noticed a centaur warrior
  5245 | D:10     | Killed a centaur warrior
  5245 | D:10     | Reached skill level 6 in Conjurations
  5245 | D:10     | Reached skill level 6 in Hexes
  5245 | D:10     | Reached skill level 6 in Charms
  5245 | D:10     | Reached skill level 6 in Necromancy
  5245 | D:10     | Reached skill level 6 in Translocations
  5245 | D:10     | Reached skill level 6 in Transmutations
  5245 | D:10     | Reached skill level 6 in Fire Magic
  5245 | D:10     | Reached skill level 6 in Ice Magic
  5245 | D:10     | Reached skill level 6 in Air Magic
  5245 | D:10     | Reached skill level 6 in Earth Magic
  5245 | D:10     | Reached skill level 6 in Poison Magic
  5440 | D:8      | Noticed a two-headed ogre
  5451 | D:8      | Killed a two-headed ogre
  5451 | D:8      | Reached skill level 8 in Invocations
  5473 | D:8      | Noticed a two-headed ogre
  5482 | D:8      | Killed a two-headed ogre
  5482 | D:8      | Reached skill level 9 in Spellcasting
  5600 | D:7      | Noticed Duvessa
  5600 | D:7      | Noticed Dowan
  5606 | D:7      | Killed Duvessa
  5609 | D:7      | Killed Dowan
  5797 | D:9      | Reached ****** piety under Cheibriados
  5800 | D:9      | Reached skill level 9 in Fighting
  5807 | D:9      | Found a staircase to the Lair.
  5841 | D:9      | Noticed a two-headed ogre
  5852 | D:9      | Killed a two-headed ogre
  5886 | D:9      | Noticed p0werm0de's ghost (novice OpCK)
  5895 | D:9      | Killed p0werm0de's ghost
  5945 | D:10     | Reached skill level 9 in Dodging
  6143 | D:12     | Noticed a two-headed ogre
  6150 | D:12     | Killed a two-headed ogre
  6150 | D:12     | Reached XP level 13. HP: 97/101 MP: 22/26
  6329 | D:13     | Reached skill level 9 in Stealth
  6548 | D:14     | Reached skill level 8 in Short Blades
  6548 | D:14     | Reached skill level 8 in Long Blades
  6548 | D:14     | Reached skill level 8 in Axes
  6548 | D:14     | Reached skill level 8 in Maces & Flails
  6548 | D:14     | Reached skill level 8 in Polearms
  6548 | D:14     | Reached skill level 8 in Staves
  6548 | D:14     | Reached skill level 8 in Slings
  6548 | D:14     | Reached skill level 8 in Bows
  6548 | D:14     | Reached skill level 8 in Crossbows
  6548 | D:14     | Reached skill level 8 in Throwing
  6548 | D:14     | Reached skill level 8 in Armour
  6548 | D:14     | Reached skill level 8 in Shields
  6548 | D:14     | Reached skill level 8 in Unarmed Combat
  6548 | D:14     | Reached skill level 8 in Evocations
  6562 | D:14     | Noticed Urug
  6580 | D:14     | Killed Urug
  6614 | D:14     | Reached skill level 10 in Fighting
  6643 | D:14     | Reached skill level 9 in Invocations
  6658 | D:14     | Noticed a rakshasa
  6679 | D:14     | Killed a rakshasa
  6693 | D:14     | Reached skill level 10 in Summonings
  6705 | D:14     | Got a slimy hand axe {protect}
  6706 | D:14     | Identified the +8 hand axe of Pedu Qeru {protect, +Blink rPois} (You took it off a human on level 14 of the Dungeon)
  6719 | D:14     | Identified a scroll of acquirement
  6719 | D:14     | Identified Zyplaid's Disquisition on the Twisted Arsonist (You acquired it on level 14 of the Dungeon)
  6721 | D:14     | Got an encrusted flail
  6722 | D:14     | Identified the +6 flail of Pestilence {crush, Dex+5} (You found it on level 14 of the Dungeon)
  6732 | D:14     | Found a gate to the Vaults.
  6760 | D:15     | Entered Level 15 of the Dungeon
  6781 | D:15     | Reached skill level 7 in Conjurations
  6781 | D:15     | Reached skill level 7 in Hexes
  6781 | D:15     | Reached skill level 7 in Charms
  6781 | D:15     | Reached skill level 7 in Necromancy
  6781 | D:15     | Reached skill level 7 in Translocations
  6781 | D:15     | Reached skill level 7 in Transmutations
  6781 | D:15     | Reached skill level 7 in Fire Magic
  6781 | D:15     | Reached skill level 7 in Ice Magic
  6781 | D:15     | Reached skill level 7 in Air Magic
  6781 | D:15     | Reached skill level 7 in Earth Magic
  6781 | D:15     | Reached skill level 7 in Poison Magic
  6868 | D:15     | Learned a level 5 spell: Borgnjor's Vile Clutch
  6906 | D:15     | Noticed Rupert
  6919 | D:15     | Killed Rupert
  6919 | D:15     | Reached skill level 10 in Spellcasting
  6919 | D:15     | Reached XP level 14. HP: 111/111 MP: 11/28
  7023 | D:15     | Found a staircase to the Depths.
  7064 | D:15     | Reached skill level 11 in Fighting
  7088 | D:15     | Reached skill level 10 in Dodging
  7125 | D:15     | Found a basalt altar of Yredelemnul.
  7137 | D:15     | Reached skill level 9 in Short Blades
  7137 | D:15     | Reached skill level 9 in Long Blades
  7137 | D:15     | Reached skill level 9 in Axes
  7137 | D:15     | Reached skill level 9 in Maces & Flails
  7137 | D:15     | Reached skill level 9 in Polearms
  7137 | D:15     | Reached skill level 9 in Staves
  7137 | D:15     | Reached skill level 9 in Slings
  7137 | D:15     | Reached skill level 9 in Bows
  7137 | D:15     | Reached skill level 9 in Crossbows
  7137 | D:15     | Reached skill level 9 in Throwing
  7137 | D:15     | Reached skill level 9 in Armour
  7137 | D:15     | Reached skill level 9 in Shields
  7137 | D:15     | Reached skill level 9 in Unarmed Combat
  7137 | D:15     | Reached skill level 9 in Evocations
  7180 | D:15     | Reached skill level 10 in Stealth
  7291 | D:14     | Learned a level 1 spell: Apportation
  7454 | Lair:1   | Entered Level 1 of the Lair of Beasts
  7467 | Lair:1   | Noticed mhoghedin's ghost (journeyman HaHu)
  7479 | Lair:1   | Killed mhoghedin's ghost
  7628 | Lair:2   | Reached skill level 10 in Invocations
  7641 | Lair:2   | Found a dark tunnel.
  7647 | Volcano  | Entered a volcano
  7696 | Volcano  | Found a bloodstained altar of Trog.
  7776 | Volcano  | Got a bloodstained ring mail
  7920 | Lair:4   | Found a frozen archway.
  7948 | Lair:4   | Learned a level 4 spell: Ice Form
  7959 | IceCv    | Entered an ice cave
  8085 | IceCv    | Noticed a reaper
  8093 | IceCv    | Killed a reaper
  8115 | IceCv    | Got a crude demon trident
  8117 | IceCv    | Identified the +5 demon trident "Sutoec" {drain, Str-5 Int+4 Dex+8} (You found it in an ice cave)
  8274 | Lair:4   | Identified the +4 ring mail "Moipn" {+Inv rF- SInv} (You found it in a volcano)
  8394 | Lair:6   | Entered Level 6 of the Lair of Beasts
  8482 | Lair:6   | Reached skill level 8 in Conjurations
  8482 | Lair:6   | Reached skill level 8 in Hexes
  8482 | Lair:6   | Reached skill level 8 in Charms
  8482 | Lair:6   | Reached skill level 8 in Necromancy
  8482 | Lair:6   | Reached skill level 8 in Translocations
  8482 | Lair:6   | Reached skill level 8 in Transmutations
  8482 | Lair:6   | Reached skill level 8 in Fire Magic
  8482 | Lair:6   | Reached skill level 8 in Ice Magic
  8482 | Lair:6   | Reached skill level 8 in Air Magic
  8482 | Lair:6   | Reached skill level 8 in Earth Magic
  8482 | Lair:6   | Reached skill level 8 in Poison Magic
  8482 | Lair:6   | Reached XP level 15. HP: 120/120 MP: 6/29
  8485 | Lair:6   | Reached skill level 12 in Fighting
  8810 | Lair:5   | Found a runed door.
  8811 | Lair:5   | Found a viscous altar of Jiyva.
  8811 | Lair:5   | Found a staircase to the Slime Pits.
  8811 | Lair:5   | Noticed an acid blob
  8812 | Lair:5   | Noticed an acid blob
  8866 | Lair:3   | Found a staircase to the Snake Pit.
  8878 | Lair:2   | Noticed Gastronok
  8879 | Lair:2   | Noticed Fannar
  8885 | Lair:2   | Killed Gastronok
  8886 | Lair:2   | Killed Fannar
  9035 | Lair:3   | Reached skill level 11 in Spellcasting
  9122 | Lair:3   | Found a staircase to the Shoals.
  9141 | Shoals:1 | Entered Level 1 of the Shoals
  9145 | Shoals:1 | Noticed Nikola
  9156 | Shoals:1 | Killed Nikola
  9237 | Shoals:1 | Reached skill level 10 in Short Blades
  9237 | Shoals:1 | Reached skill level 10 in Long Blades
  9237 | Shoals:1 | Reached skill level 10 in Axes
  9237 | Shoals:1 | Reached skill level 10 in Maces & Flails
  9237 | Shoals:1 | Reached skill level 10 in Polearms
  9237 | Shoals:1 | Reached skill level 10 in Staves
  9237 | Shoals:1 | Reached skill level 10 in Slings
  9237 | Shoals:1 | Reached skill level 10 in Bows
  9237 | Shoals:1 | Reached skill level 10 in Crossbows
  9237 | Shoals:1 | Reached skill level 10 in Throwing
  9237 | Shoals:1 | Reached skill level 10 in Armour
  9237 | Shoals:1 | Reached skill level 10 in Shields
  9237 | Shoals:1 | Reached skill level 10 in Unarmed Combat
  9237 | Shoals:1 | Reached skill level 10 in Evocations
  9295 | Shoals:2 | Learned a level 2 spell: Blink
  9301 | Shoals:2 | Learned a level 4 spell: Passage of Golubria
  9313 | Shoals:2 | Reached skill level 11 in Dodging
  9390 | Shoals:2 | Reached skill level 11 in Summonings
  9395 | Shoals:2 | Reached skill level 11 in Invocations
  9418 | Shoals:2 | Reached skill level 11 in Stealth
  9419 | Shoals:2 | Noticed a kraken
  9429 | Shoals:2 | Killed a kraken
  9476 | Shoals:3 | Noticed a kraken
  9476 | Shoals:3 | Noticed a kraken
  9476 | Shoals:3 | Noticed a kraken
  9476 | Shoals:3 | Noticed a kraken
  9493 | Shoals:3 | Reached skill level 13 in Fighting
  9522 | Shoals:3 | Reached XP level 16. HP: 118/130 MP: 15/31
  9541 | Shoals:4 | Entered Level 4 of the Shoals
  9625 | Shoals:4 | Identified Secret Knowledge Continued
  9630 | Shoals:4 | Learned a level 3 spell: Spectral Weapon
  9730 | Shoals:3 | Found Muovuuc's Jewellery Shoppe.
  9873 | Shoals:4 | Noticed Ilsuiw
  9880 | Shoals:4 | Reached skill level 9 in Conjurations
  9880 | Shoals:4 | Reached skill level 9 in Hexes
  9880 | Shoals:4 | Reached skill level 9 in Charms
  9880 | Shoals:4 | Reached skill level 9 in Necromancy
  9880 | Shoals:4 | Reached skill level 9 in Translocations
  9880 | Shoals:4 | Reached skill level 9 in Transmutations
  9880 | Shoals:4 | Reached skill level 9 in Fire Magic
  9880 | Shoals:4 | Reached skill level 9 in Ice Magic
  9880 | Shoals:4 | Reached skill level 9 in Air Magic
  9880 | Shoals:4 | Reached skill level 9 in Earth Magic
  9880 | Shoals:4 | Reached skill level 9 in Poison Magic
  9887 | Shoals:4 | Killed Ilsuiw
 10004 | Shoals:4 | Got a vibrating glass ring
 10050 | Shoals:4 | Noticed a kraken
 10060 | Shoals:4 | Killed a kraken
 10078 | Shoals:4 | Identified the ring of Megalomania {rElec MR+ Dex+4 Slay+3} (You found it on level 4 of the Shoals)
 10085 | Shoals:4 | Got a barnacled rune of Zot
 10325 | Shoals:3 | Found Qealuan's Jewellery Shop.
 10335 | Shoals:3 | Bought an uncursed amulet of regeneration for 570 gold pieces
 10366 | Shoals:3 | Found Bicoloq's Antique Armour Emporium.
 10435 | Shoals:2 | Noticed Donald
 10443 | Shoals:2 | Reached skill level 11 in Short Blades
 10443 | Shoals:2 | Reached skill level 11 in Long Blades
 10443 | Shoals:2 | Reached skill level 11 in Axes
 10443 | Shoals:2 | Reached skill level 11 in Maces & Flails
 10443 | Shoals:2 | Reached skill level 11 in Polearms
 10443 | Shoals:2 | Reached skill level 11 in Staves
 10443 | Shoals:2 | Reached skill level 11 in Slings
 10443 | Shoals:2 | Reached skill level 11 in Bows
 10443 | Shoals:2 | Reached skill level 11 in Crossbows
 10443 | Shoals:2 | Reached skill level 11 in Throwing
 10443 | Shoals:2 | Reached skill level 11 in Armour
 10443 | Shoals:2 | Reached skill level 11 in Shields
 10443 | Shoals:2 | Reached skill level 11 in Unarmed Combat
 10443 | Shoals:2 | Reached skill level 11 in Evocations
 10455 | Shoals:2 | Killed Donald
 10455 | Shoals:2 | Reached skill level 14 in Fighting
 10461 | Shoals:2 | Identified the +4 shield "Diulaih" {Str+4 Slay+6} (You took it off Donald on level 2 of the Shoals)
 10591 | Snake:1  | Entered Level 1 of the Snake Pit
 10630 | Snake:1  | Reached skill level 12 in Spellcasting
 10653 | Snake:1  | Reached XP level 17. HP: 139/139 MP: 33/33
 10683 | Snake:2  | Reached skill level 12 in Invocations
 10688 | Snake:2  | Noticed Aizul
 10693 | Snake:2  | Killed Aizul
 10706 | Snake:2  | Reached skill level 12 in Dodging
 11053 | Snake:3  | Reached skill level 12 in Stealth
 11104 | Snake:4  | Entered Level 4 of the Snake Pit
 11576 | Snake:4  | Reached skill level 12 in Summonings
 11583 | Snake:4  | Reached skill level 10 in Conjurations
 11583 | Snake:4  | Reached skill level 10 in Hexes
 11583 | Snake:4  | Reached skill level 10 in Charms
 11583 | Snake:4  | Reached skill level 10 in Necromancy
 11583 | Snake:4  | Reached skill level 10 in Translocations
 11583 | Snake:4  | Reached skill level 10 in Transmutations
 11583 | Snake:4  | Reached skill level 10 in Fire Magic
 11583 | Snake:4  | Reached skill level 10 in Ice Magic
 11583 | Snake:4  | Reached skill level 10 in Air Magic
 11583 | Snake:4  | Reached skill level 10 in Earth Magic
 11583 | Snake:4  | Reached skill level 10 in Poison Magic
 11605 | Snake:4  | HP: 13/140 [salamander mystic/bolt of magma (25)]
 11606 | Snake:4  | Reached skill level 15 in Fighting
 11606 | Snake:4  | Reached XP level 18. HP: 14/149 MP: 22/34
 11607 | Snake:4  | HP: 4/149 [naga sharpshooter/arrow (14)]
 11664 | Snake:4  | Got a serpentine rune of Zot
 11761 | Snake:3  | Reached skill level 12 in Short Blades
 11761 | Snake:3  | Reached skill level 12 in Long Blades
 11761 | Snake:3  | Reached skill level 12 in Axes
 11761 | Snake:3  | Reached skill level 12 in Maces & Flails
 11761 | Snake:3  | Reached skill level 12 in Polearms
 11761 | Snake:3  | Reached skill level 12 in Staves
 11761 | Snake:3  | Reached skill level 12 in Slings
 11761 | Snake:3  | Reached skill level 12 in Bows
 11761 | Snake:3  | Reached skill level 12 in Crossbows
 11761 | Snake:3  | Reached skill level 12 in Throwing
 11761 | Snake:3  | Reached skill level 12 in Armour
 11761 | Snake:3  | Reached skill level 12 in Shields
 11761 | Snake:3  | Reached skill level 12 in Unarmed Combat
 11761 | Snake:3  | Reached skill level 12 in Evocations
 11968 | Lair:5   | Reached skill level 13 in Invocations
 11983 | Lair:5   | Learned a level 3 spell: Lesser Beckoning
 11986 | Slime:1  | Entered Level 1 of the Pits of Slime
 12026 | Lair:5   | Learned a level 5 spell: Fireball
 12053 | Slime:1  | Reached skill level 13 in Spellcasting
 12211 | Slime:3  | Reached skill level 13 in Dodging
 12233 | Slime:5  | Entered Level 5 of the Pits of Slime
 12266 | Slime:5  | Found a viscous altar of Jiyva.
 12267 | Slime:5  | Noticed the Royal Jelly
 12287 | Slime:5  | Reached XP level 19. HP: 126/157 MP: 30/36
 12293 | Slime:5  | Reached skill level 13 in Stealth
 12299 | Slime:5  | Reached skill level 16 in Fighting
 12310 | Slime:5  | Killed the Royal Jelly
 12364 | Slime:5  | Identified the amulet "Duqoyff" {Spirit Fragile rPois rF++ Slay-6} (You found it on level 5 of the Pits of Slime)
 12365 | Slime:5  | Identified the +8 broad axe of the Blessed Realm {chop, Int+4} (You found it on level 5 of the Pits of Slime)
 12407 | Slime:5  | Got a slimy rune of Zot
 12417 | Slime:5  | Learned a level 2 spell: Song of Slaying
 12423 | Slime:5  | Identified the +5 ring mail "Qostri" {*Corrode +Fly rF+ Stlth+} (You found it on level 5 of the Pits of Slime)
 12664 | D:9      | Learned a level 2 spell: Passwall
 12744 | Vaults:1 | Entered Level 1 of the Vaults
 13022 | Vaults:2 | Found Cehasch's Assorted Antiques.
 13025 | Vaults:2 | Bought a scroll of teleportation for 75 gold pieces
 13025 | Vaults:2 | Bought a potion of heal wounds for 125 gold pieces
 13025 | Vaults:2 | Bought a scroll labeled OKLORU SANKOSCH for 25 gold pieces
 13025 | Vaults:2 | Bought 2 potions of heal wounds for 250 gold pieces
 13212 | Vaults:3 | Learned a level 5 spell: Irradiate
 13316 | Vaults:4 | Reached skill level 11 in Conjurations
 13316 | Vaults:4 | Reached skill level 11 in Hexes
 13316 | Vaults:4 | Reached skill level 11 in Charms
 13316 | Vaults:4 | Reached skill level 11 in Necromancy
 13316 | Vaults:4 | Reached skill level 11 in Translocations
 13316 | Vaults:4 | Reached skill level 11 in Transmutations
 13316 | Vaults:4 | Reached skill level 11 in Fire Magic
 13316 | Vaults:4 | Reached skill level 11 in Ice Magic
 13316 | Vaults:4 | Reached skill level 11 in Air Magic
 13316 | Vaults:4 | Reached skill level 11 in Earth Magic
 13316 | Vaults:4 | Reached skill level 11 in Poison Magic
 13568 | Vaults:3 | Reached XP level 20. HP: 166/166 MP: 17/37
 13617 | Vaults:3 | Reached skill level 14 in Invocations
 13624 | Vaults:3 | Reached skill level 13 in Short Blades
 13624 | Vaults:3 | Reached skill level 13 in Long Blades
 13624 | Vaults:3 | Reached skill level 13 in Axes
 13624 | Vaults:3 | Reached skill level 13 in Maces & Flails
 13624 | Vaults:3 | Reached skill level 13 in Polearms
 13624 | Vaults:3 | Reached skill level 13 in Staves
 13624 | Vaults:3 | Reached skill level 13 in Slings
 13624 | Vaults:3 | Reached skill level 13 in Bows
 13624 | Vaults:3 | Reached skill level 13 in Crossbows
 13624 | Vaults:3 | Reached skill level 13 in Throwing
 13624 | Vaults:3 | Reached skill level 13 in Armour
 13624 | Vaults:3 | Reached skill level 13 in Shields
 13624 | Vaults:3 | Reached skill level 13 in Unarmed Combat
 13624 | Vaults:3 | Reached skill level 13 in Evocations
 13763 | Vaults:3 | Noticed Jory
 13778 | Vaults:3 | Killed Jory
 13778 | Vaults:3 | Reached skill level 13 in Summonings
 13785 | Vaults:3 | Reached skill level 17 in Fighting
 13972 | Vaults:3 | Reached skill level 14 in Spellcasting
 14048 | Vaults:5 | Entered Level 5 of the Vaults
 14078 | Vaults:4 | Learned a level 8 spell: Ignition
 14079 | Vaults:5 | Noticed Mennas
 14115 | Vaults:5 | Reached skill level 14 in Dodging
 14123 | Vaults:4 | Killed Mennas
 14123 | Vaults:4 | Reached skill level 14 in Stealth
 14159 | Vaults:5 | Noticed an ancient lich
 14166 | Vaults:5 | Reached XP level 21. HP: 146/175 MP: 6/39
 14168 | Vaults:5 | Killed an ancient lich
 14239 | Vaults:5 | Got a silver rune of Zot
 14382 | Vaults:5 | Noticed an ancient lich
 14387 | Vaults:5 | Killed an ancient lich
 14505 | Vaults:5 | Noticed a golden dragon
 14510 | Vaults:5 | Killed a golden dragon
 14510 | Vaults:5 | Reached skill level 18 in Fighting
 14567 | Vaults:5 | Noticed Boris
 14580 | Vaults:5 | Killed Boris
 14593 | Vaults:5 | Reached skill level 12 in Conjurations
 14593 | Vaults:5 | Reached skill level 12 in Hexes
 14593 | Vaults:5 | Reached skill level 12 in Charms
 14593 | Vaults:5 | Reached skill level 12 in Necromancy
 14593 | Vaults:5 | Reached skill level 12 in Translocations
 14593 | Vaults:5 | Reached skill level 12 in Transmutations
 14593 | Vaults:5 | Reached skill level 12 in Fire Magic
 14593 | Vaults:5 | Reached skill level 12 in Ice Magic
 14593 | Vaults:5 | Reached skill level 12 in Air Magic
 14593 | Vaults:5 | Reached skill level 12 in Earth Magic
 14593 | Vaults:5 | Reached skill level 12 in Poison Magic
 14593 | Vaults:5 | Reached skill level 15 in Invocations
 14619 | Vaults:5 | Got a heavily runed pewter ring
 14621 | Vaults:5 | Identified the ring of Oggad {rPois rN+} (You found it on level 5 of the Vaults)
 14669 | Vaults:5 | Identified the Papyrus of Creative Venom
 14679 | Vaults:5 | Reached skill level 14 in Short Blades
 14679 | Vaults:5 | Reached skill level 14 in Long Blades
 14679 | Vaults:5 | Reached skill level 14 in Axes
 14679 | Vaults:5 | Reached skill level 14 in Maces & Flails
 14679 | Vaults:5 | Reached skill level 14 in Polearms
 14679 | Vaults:5 | Reached skill level 14 in Staves
 14679 | Vaults:5 | Reached skill level 14 in Slings
 14679 | Vaults:5 | Reached skill level 14 in Bows
 14679 | Vaults:5 | Reached skill level 14 in Crossbows
 14679 | Vaults:5 | Reached skill level 14 in Throwing
 14679 | Vaults:5 | Reached skill level 14 in Armour
 14679 | Vaults:5 | Reached skill level 14 in Shields
 14679 | Vaults:5 | Reached skill level 14 in Unarmed Combat
 14679 | Vaults:5 | Reached skill level 14 in Evocations
 14736 | Vaults:5 | Found the brightly glowing robe
 14795 | Vaults:5 | Noticed a golden dragon
 14795 | Vaults:5 | Killed from afar by an iron dragon

Vault maps used:
D:1:      onia_arrival_mini_spirals
D:2:      st_stairs_11, kennysheep_generic_room_2, uniq_robin
D:3:      xom_teletrap_fun, first_ration
D:4:      minmay_misc_feat_encased, uniq_pikel
D:5:      grunt_temple_overflow_open, lemuel_blue_sif_altar, fedhas_altar_3,
          grunt_decor_one_mirror, minmay_misc_feat_columns, serial_bayou_lake_a,
          uniq_grinder, uniq_eustachio, uniq_crazy_yiuf_cottage
D:6:      nicolae_overflow_crystal_walls, basic_altar, uniq_menkaure
D:7:      kennysheep_little_box, minmay_temple_entry_crystal_x, grunt_livestock,
          uniq_duvessa
D:8:      kennysheep_okawaru_gauntlet
D:9:      due_lair_maze_entry_diamond
D:11:     david_orc_1_choice, uniq_harold, uniq_psyche
D:12:     enter_bailey_2
D:13:     uniq_erolcha
D:14:     david_vaults_3, minmay_misc_feat_ornament
D:15:     hangedman_depths_entry_civil_slaughter, minmay_misc_feat_chi,
          lemuel_hellish_altar
Temple:   nicolae_temple_figure_eight
Lair:1:   lemuel_fruit_tree
Lair:2:   lemuel_reptile_caves, enter_volcano_4, minmay_another_anthill,
          uniq_gastronok, uniq_fannar
Lair:3:   minmay_shoals_entry_beasts, minmay_snake_entry_guardpost_small,
          minmay_lair_oklob_chamber, infiniplex_staircase_pool_2,
          grunt_megastairs_1, lemuel_fruit_fields
Lair:4:   portal_ice_cave_entry_imps, grunt_megastairs_4
Lair:5:   slime_altar_2, serial_bayou_shore_b, serial_bayou_shore_a
Lair:6:   evilmike_catoblepas_cave, st_stairs_6, nicolae_quartered_pool_little,
          fungi_pond_lemuel, kennysheep_basilisk_garden
Shoals:1: uniq_nikola
Shoals:2: nicolae_shoals_siren_and_animal_friends, uniq_donald
Shoals:3: serial_shops, shop, nicolae_shop_waterfront, shop,
          nicolae_shoals_kraken_party
Shoals:4: shoals_end_hangedman, shoals_ilsuiw_ice, uniq_mara
Snake:2:  uniq_aizul
Snake:3:  nicolae_snake_hallway
Snake:4:  snake_pit_salamanders_mu, spider_trap
Orc:1:    nicolae_orc_accident_3, basic_altar, serial_shops, shop,
          minmay_orc_temple_b
Orc:2:    st_orc_congregation, basic_altar, uniq_azrael
Vaults:1: nicolae_vaults_rhombus_6, hangedman_vaults_capsules, v_misc_3,
          ontoclasm_vaults_pinch, nicolae_vaults_theta,
          ontoclasm_vaults_ring_large, ontoclasm_vaults_gateway
Vaults:2: grunt_vaults_diagonal, nicolae_vaults_border_crossing,
          nicolae_vaults_back_hallway, minmay_crypt_entry_skeletal_spiral,
          vaults_mumra_hexcomb, nicolae_vaults_know_your_exits,
          vaults_room_semicircle, ontoclasm_vaults_tryst,
          nicolae_vaults_network_quinsquares, nicolae_vaults_three_branches,
          nicolae_vaults_little_ls, vaults_mumra_hex, hangedman_vaults_unwind,
          v_misc_24, vaults_dpeg_diagonal, serial_shops, nicolae_shop_trees
Vaults:3: ontoclasm_vaults_twist, v_misc_28, nicolae_vaults_stairing_the_circle,
          v_misc_8, grunt_vaults_bifocal, hangedman_vaults_stagger, v_misc_5,
          vaults_room_ringed_pool, nicolae_vaults_diagonal_hallway_7, v_misc_3,
          hangedman_vaults_slice, uniq_jory
Vaults:4: v_misc_23, nicolae_vaults_little_squares_3, v_misc_19,
          nicolae_vaults_alarming, v_misc_23,
          vaults_standard_mumra_enter_the_diamond,
          nicolae_vaults_windows_and_doors_thing
Vaults:5: uniq_boris, uniq_mennas, uniq_saint_roka
Bailey:   bailey_polearm_flooded_kennysheep, bailey
IceCv:    ice_cave_small_demon
Volcano:  volcano_lake

Skill      XL: |  1  2  3  4  5  6  7  8  9 10 11 12 13 14 15 16 17 18 19 20 21 |
---------------+----------------------------------------------------------------+-----
Spellcasting   | 5 6 7 8 9 10 11 12 13 14 | 14.8
Invocations    | 1 2 3 4 5 6 7 8 9 10 11 12 13 14 15 | 15.2
Fighting       | 1 2 3 4 5 7 9 10 11 13 14 15 16 17 18 | 18.3
Short Blades   | 1 2 3 4 5 6 7 8 9 10 11 12 13 14 | 14.1
Long Blades    | 1 2 3 4 5 6 7 8 9 10 11 12 13 14 | 14.1
Axes           | 1 2 3 4 5 6 7 8 9 10 11 12 13 14 | 14.1
Maces & Flails | 1 2 3 4 5 6 7 8 9 10 11 12 13 14 | 14.1
Polearms       | 1 2 3 4 5 6 7 8 9 10 11 12 13 14 | 14.1
Staves         | 1 2 3 4 5 6 7 8 9 10 11 12 13 14 | 14.1
Slings         | 1 2 3 4 5 6 7 8 9 10 11 12 13 14 | 14.1
Bows           | 1 2 3 4 5 6 7 8 9 10 11 12 13 14 | 14.1
Crossbows      | 1 2 3 4 5 6 7 8 9 10 11 12 13 14 | 14.1
Throwing       | 1 2 3 4 5 6 7 8 9 10 11 12 13 14 | 14.1
Armour         | 1 2 3 4 5 6 7 8 9 10 11 12 13 14 | 14.1
Shields        | 1 2 3 4 5 6 7 8 9 10 11 12 13 14 | 14.1
Unarmed Combat | 1 2 3 4 5 6 7 8 9 10 11 12 13 14 | 14.1
Evocations     | 1 2 3 4 5 6 7 8 9 10 11 12 13 14 | 14.1
Conjurations   | 1 2 3 4 5 6 7 8 9 10 11 12 | 12.1
Hexes          | 1 2 3 4 5 6 7 8 9 10 11 12 | 12.1
Charms         | 1 2 3 4 5 6 7 8 9 10 11 12 | 12.1
Necromancy     | 1 2 3 4 5 6 7 8 9 10 11 12 | 12.1
Translocations | 1 2 3 4 5 6 7 8 9 10 11 12 | 12.1
Transmutations | 1 2 3 4 5 6 7 8 9 10 11 12 | 12.1
Fire Magic     | 1 2 3 4 5 6 7 8 9 10 11 12 | 12.1
Ice Magic      | 1 2 3 4 5 6 7 8 9 10 11 12 | 12.1
Air Magic      | 1 2 3 4 5 6 7 8 9 10 11 12 | 12.1
Earth Magic    | 1 2 3 4 5 6 7 8 9 10 11 12 | 12.1
Poison Magic   | 1 2 3 4 5 6 7 8 9 10 11 12 | 12.1
Dodging        | 5 6 7 8 9 10 11 12 13 14 | 14.6
Stealth        | 5 6 7 8 9 10 11 12 13 14 | 14.6
Summonings     | 8 9 10 11 12 13 | 13.7

Action                   |  1- 3 |  4- 6 |  7- 9 | 10-12 | 13-15 | 16-18 | 19-21 || total
-------------------------+-------+-------+-------+-------+-------+-------+-------++-------
Melee: Whip              |    10 |       |    30 |       |       |       |       ||    40
       Unarmed           |     8 |     3 |       |       |    15 |       |       ||    26
       Bite              |    10 |     8 |    15 |    79 |   109 |    95 |    87 ||   403
       Short sword       |    88 |    48 |    65 |    20 |       |       |       ||   221
       Punch             |       |     1 |     4 |     4 |       |       |       ||     9
       Rapier            |       |     9 |    18 |       |       |       |       ||    27
       Dagger            |       |       |     1 |     4 |    12 |     1 |       ||    18
       Scimitar          |       |       |     9 |       |    38 |       |       ||    47
       Falchion          |       |       |       |   250 |   178 |       |       ||   428
       Spear             |       |       |       |     4 |       |       |       ||     4
       War axe           |       |       |       |    13 |   169 |   429 |   394 ||  1005
       Demon trident     |       |       |       |       |    11 |    14 |       ||    25
       Broad axe         |       |       |       |       |       |       |     5 ||     5
 Fire: Hunting sling     |       |    18 |     3 |       |       |       |       ||    21
Throw: Stone             |       |     3 |     3 |       |       |       |       ||     6
       Tomahawk          |       |       |    34 |     9 |       |       |       ||    43
       Javelin           |       |       |       |    82 |    37 |    24 |    33 ||   176
       Throwing net      |       |       |       |     1 |       |       |     2 ||     3
 Cast: Summon Small Mamm |    35 |     6 |       |       |       |       |       ||    41
       Call Imp          |     6 |     3 |       |       |     7 |       |       ||    16
       Summon Lightning  |       |    16 |    32 |    71 |    85 |    54 |    54 ||   312
       Call Canine Famil |       |       |     1 |     1 |     1 |       |       ||     3
       Regeneration      |       |       |       |     7 |    10 |    18 |    13 ||    48
       Animate Dead      |       |       |       |     1 |     6 |     3 |     1 ||    11
       Borgnjor's Vile C |       |       |       |       |    26 |    42 |    36 ||   104
       Ice Form          |       |       |       |       |     2 |       |       ||     2
       Apportation       |       |       |       |       |    21 |    63 |   125 ||   209
       Passage of Golubr |       |       |       |       |       |    23 |    47 ||    70
       Spectral Weapon   |       |       |       |       |       |     9 |     2 ||    11
       Blink             |       |       |       |       |       |     1 |     9 ||    10
       Fireball          |       |       |       |       |       |     2 |       ||     2
       Passwall          |       |       |       |       |       |       |     2 ||     2
       Song of Slaying   |       |       |       |       |       |       |     5 ||     5
       Lesser Beckoning  |       |       |       |       |       |       |     2 ||     2
       Ignition          |       |       |       |       |       |       |     1 ||     1
       Irradiate         |       |       |       |       |       |       |     1 ||     1
Invok: Slouch            |       |       |       |     3 |    15 |    10 |    10 ||    38
       Temporal Distorti |       |       |       |       |     2 |       |     1 ||     3
 Abil: End Transformatio |       |       |       |       |     1 |       |       ||     1
Evoke: Wand              |       |       |     3 |    22 |    13 |     7 |     3 ||    48
       Lamp of fire      |       |       |       |       |       |       |     1 ||     1
       Phial of floods   |       |       |       |       |       |       |     1 ||     1
  Use: Potion            |     2 |     1 |     2 |     3 |     3 |     6 |     5 ||    22
       Scroll            |       |     5 |     4 |     8 |    22 |    13 |    16 ||    68
 Stab: Sleeping          |     2 |     2 |     3 |    10 |    25 |     8 |    15 ||    65
       Distracted        |       |     3 |     3 |     6 |    22 |    30 |    37 ||   101
       Paralysed         |       |       |       |     5 |     6 |     5 |       ||    16
       Invisible         |       |       |       |     3 |       |       |       ||     3
       Held in net/web   |       |       |       |     3 |       |       |     2 ||     5
  Eat: Chunk             |       |     4 |     7 |     7 |    11 |     8 |     5 ||    42
       Ration            |       |       |     1 |       |       |       |     1 ||     2
Armor: Robe              |    16 |    11 |       |       |       |       |       ||    27
       Leather armour    |       |    15 |    33 |    17 |       |       |       ||    65
       Skin              |       |     9 |       |       |     1 |       |       ||    10
       Troll leather arm |       |       |       |    14 |       |       |       ||    14
       Ring mail         |       |       |       |    15 |    67 |    66 |    37 ||   185
Dodge: Dodged            |    76 |    68 |   105 |   306 |   365 |   376 |   332 ||  1628
Block: Shield            |       |       |       |   156 |   401 |   631 |   480 ||  1668
       Rpst.: Scimitar   |       |       |     1 |       |     3 |       |       ||     4
       Falchion          |       |       |       |    60 |    31 |       |       ||    91

Table legend:
 A = Spawn XP
 B = Non-spawn XP
 C = Spawn XP percentage of total XP
 D = Spawn monster count
 E = Non-spawn monster count
 F = Spawn count percentage of total count
 G = Total turns spent on level
                    A         B        C        D         E        F      G
               +---------+---------+-------+---------+---------+-------+---------
         Total |       0 |  592550 |   0.0 |       0 |    1435 |   0.0 | 14795
               +---------+---------+-------+---------+---------+-------+---------
           D:1 |       0 |      22 |   0.0 |       0 |      17 |   0.0 |   428
           D:2 |       0 |      88 |   0.0 |       0 |      39 |   0.0 |   655
           D:3 |       0 |      70 |   0.0 |       0 |      23 |   0.0 |   344
           D:4 |       0 |     584 |   0.0 |       0 |      19 |   0.0 |   578
           D:5 |       0 |     431 |   0.0 |       0 |      16 |   0.0 |   307
           D:6 |       0 |     882 |   0.0 |       0 |      20 |   0.0 |   352
           D:7 |       0 |    1439 |   0.0 |       0 |      28 |   0.0 |   318
           D:8 |       0 |    2520 |   0.0 |       0 |      22 |   0.0 |   393
           D:9 |       0 |    3396 |   0.0 |       0 |      26 |   0.0 |   304
          D:10 |       0 |    2352 |   0.0 |       0 |      24 |   0.0 |   426
          D:11 |       0 |    4262 |   0.0 |       0 |      28 |   0.0 |   432
          D:12 |       0 |    3660 |   0.0 |       0 |      27 |   0.0 |   316
          D:13 |       0 |    1815 |   0.0 |       0 |      16 |   0.0 |   279
          D:14 |       0 |   11088 |   0.0 |       0 |      46 |   0.0 |   256
          D:15 |       0 |   21142 |   0.0 |       0 |      64 |   0.0 |   521
        Lair:1 |       0 |    3010 |   0.0 |       0 |      14 |   0.0 |   199
        Lair:2 |       0 |    5986 |   0.0 |       0 |      11 |   0.0 |   204
        Lair:3 |       0 |    6509 |   0.0 |       0 |      26 |   0.0 |   382
        Lair:4 |       0 |    3147 |   0.0 |       0 |      34 |   0.0 |   223
        Lair:5 |       0 |    4869 |   0.0 |       0 |       7 |   0.0 |   276
        Lair:6 |       0 |    9925 |   0.0 |       0 |      41 |   0.0 |   357
      Shoals:1 |       0 |    5547 |   0.0 |       0 |       8 |   0.0 |   139
      Shoals:2 |       0 |   18434 |   0.0 |       0 |      34 |   0.0 |   337
      Shoals:3 |       0 |   16678 |   0.0 |       0 |      40 |   0.0 |   420
      Shoals:4 |       0 |   33969 |   0.0 |       0 |      52 |   0.0 |   514
       Snake:1 |       0 |    5901 |   0.0 |       0 |      12 |   0.0 |   105
       Snake:2 |       0 |   15879 |   0.0 |       0 |      38 |   0.0 |   270
       Snake:3 |       0 |   17794 |   0.0 |       0 |      39 |   0.0 |   327
       Snake:4 |       0 |   59178 |   0.0 |       0 |      99 |   0.0 |   590
       Slime:1 |       0 |    7643 |   0.0 |       0 |      10 |   0.0 |    66
       Slime:2 |       0 |    9704 |   0.0 |       0 |       6 |   0.0 |    80
       Slime:3 |       0 |   10698 |   0.0 |       0 |      17 |   0.0 |    93
       Slime:5 |       0 |   25730 |   0.0 |       0 |      22 |   0.0 |   227
         Orc:1 |       0 |    2073 |   0.0 |       0 |      39 |   0.0 |   397
         Orc:2 |       0 |   11918 |   0.0 |       0 |      86 |   0.0 |   697
      Vaults:1 |       0 |    5215 |   0.0 |       0 |      17 |   0.0 |    86
      Vaults:2 |       0 |   18286 |   0.0 |       0 |      25 |   0.0 |   318
      Vaults:3 |       0 |   62380 |   0.0 |       0 |     107 |   0.0 |   654
      Vaults:4 |       0 |   45748 |   0.0 |       0 |      47 |   0.0 |   334
      Vaults:5 |       0 |  123291 |   0.0 |       0 |     109 |   0.0 |   659
        Bailey |       0 |    1379 |   0.0 |       0 |      39 |   0.0 |   398
         IceCv |       0 |    3801 |   0.0 |       0 |      25 |   0.0 |   235
       Volcano |       0 |    4107 |   0.0 |       0 |      16 |   0.0 |   152
               +---------+---------+-------+---------+---------+-------+---------

Table legend:
 A = Turns spent in this place as a percentage of turns spent in the entire game.
 B = Non-inter-level travel turns spent in this place as a percentage of non-inter-level travel turns spent in the entire game.
 C = Inter-level travel turns spent in this place as a percentage of turns spent in this place.
 D = Turns resting spent in this place as a percentage of non-inter-level travel turns spent in this place.
 E = Turns spent auto-exploring this place as a percentage of non-inter-level travel turns spent in this place.
 F = Non-inter-level travel turns spent in this place divided by the number of levels of this place that you've seen.
                   A       B       C       D       E      F
               +-------+-------+-------+-------+-------+----------------------
         Total | 100.0 | 100.0 |   1.3 |   0.1 |   0.8 | 324.5
       Dungeon |  39.9 |  39.8 |   1.6 |   0.0 |   0.0 | 387.7
        Temple |   0.9 |   0.9 |   0.0 |   0.0 |  88.3 | 137.0
          Lair |  11.1 |  11.2 |   0.0 |   0.0 |   0.0 | 273.5
        Shoals |   9.5 |   9.5 |   1.6 |   0.4 |   0.0 | 346.8
     Snake Pit |   8.7 |   8.8 |   1.0 |   0.3 |   0.0 | 319.8
    Slime Pits |   3.2 |   3.3 |   0.0 |   0.0 |   0.0 |  95.2
  Orcish Mines |   7.4 |   7.2 |   3.8 |   0.2 |   0.0 | 526.0
        Vaults |  13.9 |  13.9 |   1.0 |   0.0 |   0.0 | 406.2
        Bailey |   2.7 |   2.7 |   0.0 |   0.0 |   0.0 | 398.0
      Ice Cave |   1.6 |   1.6 |   0.0 |   0.0 |   0.0 | 235.0
       Volcano |   1.0 |   1.0 |   0.0 |   0.0 |   0.0 | 152.0
               +-------+-------+-------+-------+-------+----------------------

Table legend:
 A = Kills in this place as a percentage of kills in entire the game.
 B = Kills by you in this place as a percentage of kills by you in the entire game.
 C = Kills by friends in this place as a percentage of kills by friends in the entire game.
 D = Other kills in this place as a percentage of other kills in the entire game.
 E = Experience gained in this place as a percentage of experience gained in the entire game.
 F = Experience gained in this place divided by the number of levels of this place that you have seen.
                   A       B       C       D       E      F
               +-------+-------+-------+-------+-------+----------------------
         Total | 100.0 | 100.0 | 100.0 | 100.0 | 100.0 | 13167.8
       Dungeon |  28.9 |  22.2 |  43.1 |   0.0 |   9.1 | 3583.4
          Lair |   9.3 |   8.8 |  10.3 |   0.0 |   5.6 | 5574.3
        Shoals |   9.3 |  11.2 |   5.6 |   0.0 |  12.6 | 18657.0
     Snake Pit |  13.1 |  15.5 |   8.2 |   0.0 |  16.7 | 24688.0
    Slime Pits |   3.8 |   4.6 |   2.4 |   0.0 |   9.1 | 10755.0
  Orcish Mines |   8.7 |   7.7 |  10.9 |   0.0 |   2.4 | 6995.5
        Vaults |  21.3 |  26.4 |  10.1 | 100.0 |  43.0 | 50984.0
        Bailey |   2.7 |   0.7 |   6.9 |   0.0 |   0.2 | 1379.0
      Ice Cave |   1.7 |   1.9 |   1.5 |   0.0 |   0.6 | 3801.0
       Volcano |   1.1 |   1.1 |   1.1 |   0.0 |   0.7 | 4107.0
               +-------+-------+-------+-------+-------+----------------------

Vault maps used:
D:1:      onia_arrival_mini_spirals
D:2:      st_stairs_11, kennysheep_generic_room_2, uniq_robin
D:3:      xom_teletrap_fun, first_ration
D:4:      minmay_misc_feat_encased, uniq_pikel
D:5:      grunt_temple_overflow_open, lemuel_blue_sif_altar, fedhas_altar_3,
          grunt_decor_one_mirror, minmay_misc_feat_columns, serial_bayou_lake_a,
          uniq_grinder, uniq_eustachio, uniq_crazy_yiuf_cottage
D:6:      nicolae_overflow_crystal_walls, basic_altar, uniq_menkaure
D:7:      kennysheep_little_box, minmay_temple_entry_crystal_x, grunt_livestock,
          uniq_duvessa
D:8:      kennysheep_okawaru_gauntlet
D:9:      due_lair_maze_entry_diamond
D:11:     david_orc_1_choice, uniq_harold, uniq_psyche
D:12:     enter_bailey_2
D:13:     uniq_erolcha
D:14:     david_vaults_3, minmay_misc_feat_ornament
D:15:     hangedman_depths_entry_civil_slaughter, minmay_misc_feat_chi,
          lemuel_hellish_altar
Temple:   nicolae_temple_figure_eight
Lair:1:   lemuel_fruit_tree
Lair:2:   lemuel_reptile_caves, enter_volcano_4, minmay_another_anthill,
          uniq_gastronok, uniq_fannar
Lair:3:   minmay_shoals_entry_beasts, minmay_snake_entry_guardpost_small,
          minmay_lair_oklob_chamber, infiniplex_staircase_pool_2,
          grunt_megastairs_1, lemuel_fruit_fields
Lair:4:   portal_ice_cave_entry_imps, grunt_megastairs_4
Lair:5:   slime_altar_2, serial_bayou_shore_b, serial_bayou_shore_a
Lair:6:   evilmike_catoblepas_cave, st_stairs_6, nicolae_quartered_pool_little,
          fungi_pond_lemuel, kennysheep_basilisk_garden
Shoals:1: uniq_nikola
Shoals:2: nicolae_shoals_siren_and_animal_friends, uniq_donald
Shoals:3: serial_shops, shop, nicolae_shop_waterfront, shop,
          nicolae_shoals_kraken_party
Shoals:4: shoals_end_hangedman, shoals_ilsuiw_ice, uniq_mara
Snake:2:  uniq_aizul
Snake:3:  nicolae_snake_hallway
Snake:4:  snake_pit_salamanders_mu, spider_trap
Orc:1:    nicolae_orc_accident_3, basic_altar, serial_shops, shop,
          minmay_orc_temple_b
Orc:2:    st_orc_congregation, basic_altar, uniq_azrael
Vaults:1: nicolae_vaults_rhombus_6, hangedman_vaults_capsules, v_misc_3,
          ontoclasm_vaults_pinch, nicolae_vaults_theta,
          ontoclasm_vaults_ring_large, ontoclasm_vaults_gateway
Vaults:2: grunt_vaults_diagonal, nicolae_vaults_border_crossing,
          nicolae_vaults_back_hallway, minmay_crypt_entry_skeletal_spiral,
          vaults_mumra_hexcomb, nicolae_vaults_know_your_exits,
          vaults_room_semicircle, ontoclasm_vaults_tryst,
          nicolae_vaults_network_quinsquares, nicolae_vaults_three_branches,
          nicolae_vaults_little_ls, vaults_mumra_hex, hangedman_vaults_unwind,
          v_misc_24, vaults_dpeg_diagonal, serial_shops, nicolae_shop_trees
Vaults:3: ontoclasm_vaults_twist, v_misc_28, nicolae_vaults_stairing_the_circle,
          v_misc_8, grunt_vaults_bifocal, hangedman_vaults_stagger, v_misc_5,
          vaults_room_ringed_pool, nicolae_vaults_diagonal_hallway_7, v_misc_3,
          hangedman_vaults_slice, uniq_jory
Vaults:4: v_misc_23, nicolae_vaults_little_squares_3, v_misc_19,
          nicolae_vaults_alarming, v_misc_23,
          vaults_standard_mumra_enter_the_diamond,
          nicolae_vaults_windows_and_doors_thing
Vaults:5: uniq_boris, uniq_mennas, uniq_saint_roka
Bailey:   bailey_polearm_flooded_kennysheep, bailey
IceCv:    ice_cave_small_demon
Volcano:  volcano_lake
